 Dungeon Crawl Stone Soup version 0.25-a0-670-g50981ef59b (webtiles) character file.

Game seed: 4110146785368042939, levelgen mode: deterministic

21 MisterFreud the Ducker (level 2, 0/15 HPs)
             Began as a Felid Berserker on Mar 29, 2020.
             Was a Follower of Trog.
             Succumbed to a kobold's poison
             ... on level 1 of the Dungeon.
             The game lasted 00:01:13 (702 turns).

MisterFreud the Ducker (Felid Berserker)             Turns: 702, Time: 00:01:14

Health: 0/15       AC:  1    Str: 13    XL:     2   Next: 65%
Magic:  3/3        EV: 18    Int:  8    God:    Trog [*.....]
Gold:   46         SH:  0    Dex: 15    Spells: 1/1 levels left
                                        Lives:  0   Deaths: 0

rFire    . . .     SeeInvis +     - Unarmed
rCold    . . .     Gourm    .   (shield unavailable)
rNeg     . . .     Faith    .   (armour unavailable)
rPois    .         Spirit   .   (helmet unavailable)
rElec    .         Reflect  .   (cloak unavailable)
rCorr    .         Harm     .   (gloves unavailable)
MR       .....                  (boots unavailable)
Stlth    ++........             (no amulet)
HPRegen  0.05/turn              (no ring)
MPRegen  0.08/turn              (no ring)

@: lethally poisoned (0 -> -4), berserk cooldown, slowed, lightly drained, slow
A: very small, no armour, no weapons or thrown items, stealth, claws 1, fangs 3,
see invisible, carnivore, speed 1, shaggy fur 1, slow metabolism 1, sharp paws
a: Berserk, Renounce Religion


You were on level 1 of the Dungeon.
You worshipped Trog.
Trog was aware of your devotion.
You were full.

You visited 1 branch of the dungeon, and saw 1 of its levels.

You collected 46 gold pieces.

Inventory:

Scrolls
 c - a scroll of teleportation {unknown}
 d - a scroll of identify {unknown}
 e - a scroll of remove curse {unknown}
Potions
 b - a potion of heal wounds {unknown}
Comestibles
 a - 2 rations


   Skills:
 * Level 4.0(3.5) Fighting
 - Level 4.0(3.5) Dodging
 + Level 0.4(0.0) Stealth
 - Level 3.0(2.5) Unarmed Combat


You had one spell level left.
You didn't know any spells.
Your spell library was empty.

Dungeon Overview and Level Annotations

Branches:
Dungeon (1/15)

Altars:


Innate Abilities, Weirdness & Mutations

You cannot wear armour.
You are incapable of wielding weapons or throwing items.
Your paws allow you to move quietly. (Stealth)
You have sharp claws.
You have razor-sharp teeth.
You have supernaturally acute eyesight. (SInv)
You are carnivorous and can eat meat at any time.
You cover ground quickly.
You are covered in fur. (AC +1)
You have a slow metabolism.
Your sharp claws are effective at attacking unaware monsters.


Message History

You closely miss the kobold.
You feel sick. The kobold hits you.
* * * LOW HITPOINT WARNING * * *
You claw the kobold!
You kill the kobold!
Trog accepts your kill.
Your base Fighting skill increases to level 4!
Things that are here:
5 poisoned darts; a kobold corpse You feel a strong urge to attack something.
You feel your anger nearly subside.
* * * LOW HITPOINT WARNING * * *
You feel sick.
You are no longer berserk.
You are exhausted.
You feel yourself slow down.
* * * LOW HITPOINT WARNING * * *
You feel sick.
* * * LOW HITPOINT WARNING * * *
You feel sick.
You die...

#####..............
#.(..(.........
#..............
#..............
########...%..........
#.....................
#.........###+#.......
#.........# #.###...
#....@....# .# ..
#.........#
#.........#
#.........#
###########


There were no monsters in sight!

Vanquished Creatures
  2 leopard geckos (D:1)
  A ball python (D:1)
  A goblin (D:1)
  A hobgoblin (D:1)
  5 kobolds (D:1)
  5 bats (D:1)
  2 frilled lizards (D:1)
  4 rats (D:1)
21 creatures vanquished.

Notes
Turn   | Place    | Note
-------+----------+-------------------------------------------
     0 | D:1      | MisterFreud the Felid Berserker began the quest for the
                  | Orb.
     0 | D:1      | Reached XP level 1. HP: 10/10 MP: 2/2
   400 | D:1      | Reached XP level 2. HP: 12/14 MP: 3/3
   702 | D:1      | Succumbed to a kobold's poison

Levels and vault maps discovered:
D:1:      tarquinn_simple_flora_water_a, layout_basic

Skill      XL: |  1  2 |
---------------+-------+-----
Fighting       | 4 |  4.0
Dodging        | |  4.0
Stealth        | |  0.4
Unarmed Combat | |  3.0

Action                   || total
-------------------------++-------
Melee: Unarmed           ||    74
       Bite              ||     2
       Punch             ||     1
Invok: Berserk           ||     3
  Eat: Chunk             ||     6
Armor: Skin              ||     6
Dodge: Dodged            ||    76

Table legend:
 A = Non-vault XP
 B = Vault XP
 C = Vault XP percentage of total XP
 D = Non-vault monster count
 E = Vault monster count
 F = Vault count percentage of total count
                 A         B        C        D         E       F
            +---------+---------+-------+---------+---------+-------
      Total |      31 |       0 |   0.0 |      21 |       0 |   0.0
            +---------+---------+-------+---------+---------+-------
        D:1 |      31 |       0 |   0.0 |      21 |       0 |   0.0
            +---------+---------+-------+---------+---------+-------
